 Dungeon Crawl Stone Soup version 0.27.1-34-g3ba077fa99 (webtiles) character file.

Game seed: 8034554224437395993

39 FuzzyBison the Sneak (level 3, 0/27 HPs)
             Began as a Vampire Brigand on Jan 25, 2022.
             Was a Follower of Cheibriados.
             Slain by a gnoll (13 damage)
             ... on level 2 of the Dungeon.
             The game lasted 00:12:09 (698 turns).

FuzzyBison the Sneak (Vampire Brigand)               Turns: 698, Time: 00:12:10

Health: 0/27       AC:  6    Str: 13    XL:     3   Next: 26%
Magic:  3/3        EV: 10    Int: 17    God:    Cheibriados [*.....]
Gold:   70         SH:  0    Dex: 18    Spells: 2/2 levels left

rFire    . . .     SeeInvis +   a - +2 dagger
rCold    . . .     Faith    .   (no shield)
rNeg     . . .     Spirit   .   m - +0 ring mail
rPois    .         Reflect  .   (no helmet)
rElec    .         Harm     .   c - +0 cloak
rCorr    .         Rampage  .   (no gloves)
Will     .....                  (no boots)
Stlth    +++.......             (no amulet)
HPRegen  0.29/turn              (no ring)
MPRegen  0.08/turn              (no ring)

@: healing quickly, very slow
A: alive, fangs 3, see invisible, vampiric 2
a: Exsanguinate, Renounce Religion, Bend Time


You were on level 2 of the Dungeon.
You worshipped Cheibriados.
Cheibriados was aware of your devotion.
You visited 1 branch of the dungeon, and saw 2 of its levels.

You collected 70 gold pieces.

Inventory:

Hand Weapons
 a - a +2 dagger (weapon)
 h - a +0 club
 l - a +0 short sword
Missiles
 d - 28 stones
 e - 24 poisoned darts (quivered)
 k - 2 curare-tipped darts
Armour
 b - a +0 robe
 c - a +0 cloak (worn)
 m - a +0 ring mail (worn)
Scrolls
 f - a scroll of enchant weapon {unknown}
 g - 3 scrolls of acquirement {unknown}
 n - a scroll of immolation {unknown}
Potions
 i - a potion of mutation {unknown}
 j - a potion of heal wounds {unknown}


   Skills:
 + Level 1.8 Fighting
 + Level 2.3 Short Blades
 + Level 2.0 Throwing
 + Level 1.4 Dodging
 + Level 7.0 Stealth


You had 2 spell levels left.
You didn't know any spells.
Your spell library contained the following spells:

 Spells                   Type           Power      Damage    Failure   Level
 Foxfire                  Conj/Fire      0%         2x1d4     45%         1
 Conjure Flame            Conj/Fire      0%         6-21      83%         3
 Inner Flame              Hex/Fire       0%         N/A       83%         3


Dungeon Overview and Level Annotations

Branches:
Dungeon (2/15)

Altars:
Cheibriados


Innate Abilities, Weirdness & Mutations

Your natural rate of healing is accelerated.
You have razor-sharp teeth.
You have supernaturally acute eyesight. (SInv)
You are afflicted with vampirism and can become a bat while bloodless.


Message History

Aim: an adder (42% to hit)
You throw a poisoned dart. The poisoned dart misses the adder.
The goblin shouts!
A gnoll comes into view. It is wielding a +0 halberd.
Throw: 26 darts (poison)
Press: ? - help, Q - select action, (/) - cycle Shift-Dir - straight line, f - gnoll, p - adder
Aim: a gnoll, wielding a +0 halberd (64% to hit)
You throw a poisoned dart. The poisoned dart hits the adder.
The adder is poisoned.
The gnoll shouts!
Throw: 25 darts (poison)
Press: ? - help, Q - select action, (/) - cycle Shift-Dir - straight line, f/p - gnoll
Aim: a gnoll, wielding a +0 halberd (64% to hit)
You throw a poisoned dart. The poisoned dart misses the adder.
The poisoned dart hits the gnoll.
The gnoll looks even sicker.
The gnoll is moderately wounded.
You hit the adder. You bite the adder.
The adder is severely wounded.
The adder bites you but does no damage.
A gnoll comes into view. It is wielding a +0 club.
The gnoll shouts!
You hit the adder but do no damage. You bite the adder.
You kill the adder!
Cheibriados thoroughly appreciates the change of pace.
Your Throwing skill increases to level 2!
You closely miss the gnoll.
The gnoll is heavily wounded.
The gnoll completely misses you.
You hit the gnoll.
The gnoll is severely wounded.
The gnoll misses you. The gnoll hits you with a +0 flail.
You hit the gnoll but do no damage.
The gnoll is severely wounded.
The gnoll hits you with a +0 flail. The gnoll closely misses you.
You barely miss the gnoll. Your bite misses the gnoll.
The gnoll is severely wounded.
The gnoll hits you with a +0 flail!
The gnoll hits you from afar with a +0 halberd!
You die...

######.# #.# .## #.# ..#
#.# .. ####.####### ..
#..........# .#
#..........# .#####.
###..........#####.g.....
................@ggg.(..(
.............#####g......
.....).####### #####..
.......# .......#
.......# .......#
#####... ##...


You could see 4 gnolls and a goblin.

Vanquished Creatures
  2 adders (D:2)
  A dart slug (D:2)
  An endoplasm (D:1)
  A giant cockroach (D:2)
  A hobgoblin (D:1)
  A quokka (D:1)
  3 ball pythons
  2 bats
  2 frilled lizards
  6 kobolds
20 creatures vanquished.

Vanquished Creatures (others)
  A rat (D:1)
1 creature vanquished.

Grand Total: 21 creatures vanquished

Notes
Turn   | Place    | Note
-------+----------+-------------------------------------------
     0 | D:1      | FuzzyBison the Vampire Brigand began the quest for the Orb.
     0 | D:1      | Reached XP level 1. HP: 16/16 MP: 1/1
    11 | D:1      | Reached skill level 6 in Stealth
   184 | D:1      | Reached XP level 2. HP: 17/22 MP: 2/2
   361 | D:1      | Found a faded altar of an unknown god.
   367 | D:1      | Became a worshipper of Cheibriados the Contemplative
   367 | D:1      | Reached * piety under Cheibriados
   629 | D:2      | Reached skill level 7 in Stealth
   629 | D:2      | Gained mutation: You are afflicted with vampirism and can
                  | become a bat while bloodless. [Vampire growth]
   629 | D:2      | Reached XP level 3. HP: 26/27 MP: 3/3
   698 | D:2      | Slain by a gnoll

Illustrated notes

Levels and vault maps discovered:
D:1:      shiori_arrival_oz, layout_rooms,
          dreamdust_ecumenical_altar_angels_and_demons
D:2:      layout_basic, nrook_campfire, minmay_unequal, uniq_crazy_yiuf_cottage

Skill      XL: |  1  2  3 |
---------------+----------+-----
Stealth        | 6 7 |  7.0
Throwing       | 2 |  2.0
Fighting       | |  1.8
Short Blades   | |  2.3
Dodging        | |  1.4

Action                   || total
-------------------------++-------
Melee: Dagger            ||    40
       Bite              ||     3
Throw: Dart              ||    32
       Stone             ||    21
 Stab: Sleeping          ||     1
Armor: Robe              ||     1
       Ring mail         ||     8
Dodge: Dodged            ||    21
